General information
- name: BNet
- type: Ladder team game (AT/RT)
- host: Battle.net
- saver: WALKING-DEAD-GG
map: Battleground
- players: 8
- length: 44:33
- speed: Fast
- version: 1.26 W3XP
- replay type: Public
» download(250 KB)
Players
team 1 (winner)

»
heywhitie11 (
orange | 64 APM | 2590 actions | 40:27)
4 Far Seer
2 Feral Spirit
2 Chain Lighting
2 Shadow Hunter
1 Healing Wave
1 Hex
1 Tauren Chieftain
1 Endurance Aura
» actions
| Assign group hotkey | 33 | |
| Build / train | 77 | |
| Enter build submenu | 18 | |
| Enter hero's abilities submenu | 8 | |
| Give item / drop item | 3 | |
| Remove unit from queue | 2 | |
| Right click | 1391 | |
| Select / deselect | 369 | |
| Select group hotkey | 581 | |
| Use ability | 108 | |
2590 total
» units
| Peon | 10 | |
| Grunt | 13 | |
| Kodo Beast | 3 | |
| Tauren | 2 | |
| Troll Batrider | 10 | |
38 total
» upgrades
| Spiked Barricades | 1 | |
| Pillage | 1 | |
| Armor | 3 | |
| Melee Weapons | 3 | |
| Berserker Strength | 1 | |
| War Drums Damage Increase | 1 | |
| Pulverize | 1 | |
| Reinforced Defenses | 1 | |
12 total
» buildings
| Orc Burrow | 6 | |
| Altar of Storms | 1 | |
| War Mill | 1 | |
| Barracks | 1 | |
| Watch Tower | 4 | |
| Voodoo Lounge | 1 | |
| Stronghold | 1 | |
| Beastiary | 2 | |
| Fortress | 1 | |
| Tauren Totem | 2 | |
20 total
» build order
00:04 Orc Burrow
00:07 Altar of Storms
00:53 War Mill
01:02 Barracks
02:02 Orc Burrow
02:46 Watch Tower
03:04 Voodoo Lounge
03:20 Watch Tower
03:49 Orc Burrow
04:24 Watch Tower
06:35 Stronghold
06:43 Orc Burrow
06:46 Watch Tower
08:03 Orc Burrow
09:04 Beastiary
10:35 Fortress
13:58 Tauren Totem
16:57 Tauren Totem
17:46 Orc Burrow
25:21 Beastiary
» items
| Healing Salve | 3 | |
| Lesser Clarity Potion | 1 | |
| Scroll of Speed | 3 | |
| Potion of Healing | 2 | |
| Potion of Mana | 2 | |
| Orb of Lightning | 1 | |
| Scroll of Town Portal | 1 | |
13 total
WALKING-DEAD-GG (
blue | 48 APM | 2140 actions | 44:33)
6 Blademaster
3 Wind Walk
2 Critical Strike
1 Bladestorm
3 Shadow Hunter
1 Hex
2 Healing Wave
» actions
| Assign group hotkey | 41 | |
| Basic commands | 28 | |
| Build / train | 62 | |
| Enter build submenu | 22 | |
| Enter hero's abilities submenu | 11 | |
| Give item / drop item | 4 | |
| Remove unit from queue | 1 | |
| Right click | 982 | |
| Select / deselect | 208 | |
| Select group hotkey | 671 | |
| Use ability | 110 | |
2140 total
» units
» upgrades
| Reinforced Defenses | 1 | |
| Envenomed Spears | 1 | |
| Ranged Weapons | 2 | |
| Armor | 2 | |
| Ensnare | 1 | |
| Melee Weapons | 1 | |
8 total
» buildings
| Altar of Storms | 1 | |
| Orc Burrow | 7 | |
| Voodoo Lounge | 1 | |
| War Mill | 1 | |
| Stronghold | 2 | |
| Fortress | 2 | |
| Beastiary | 4 | |
| Watch Tower | 13 | |
| Great Hall | 1 | |
32 total
» build order
00:07 Altar of Storms
00:21 Orc Burrow
00:53 Voodoo Lounge
01:25 War Mill
02:12 Stronghold
02:12 Stronghold
02:28 Orc Burrow
02:29 Orc Burrow
02:30 Orc Burrow
05:04 Fortress
05:04 Fortress
05:07 Beastiary
05:11 Beastiary
05:19 Watch Tower
05:19 Watch Tower
05:20 Watch Tower
05:43 Watch Tower
06:47 Watch Tower
10:05 Great Hall
10:08 Watch Tower
10:09 Watch Tower
11:14 Watch Tower
11:17 Watch Tower
11:53 Orc Burrow
12:32 Watch Tower
12:46 Watch Tower
14:05 Watch Tower
14:07 Watch Tower
15:27 Beastiary
15:30 Orc Burrow
17:46 Beastiary
» items
| Healing Salve | 5 | |
| Lesser Clarity Potion | 2 | |
| Staff of Teleportation | 2 | |
| Boots of Speed | 1 | |
| Orb of Lightning | 1 | |
| Scroll of Town Portal | 4 | |
| Tiny Great Hall | 1 | |
| Potion of Lesser Invulnerability | 2 | |
18 total
747576 (
green | 81 APM | 2928 actions | 36:03)
6 Blademaster
3 Critical Strike
1 Wind Walk
1 Mirror Image
1 Bladestorm
» actions
| Assign group hotkey | 35 | |
| Basic commands | 12 | |
| Build / train | 80 | |
| ESC pressed | 3 | |
| Enter build submenu | 24 | |
| Enter hero's abilities submenu | 6 | |
| Give item / drop item | 3 | |
| Right click | 1139 | |
| Select / deselect | 348 | |
| Select group hotkey | 1128 | |
| Use ability | 150 | |
2928 total
» units
| Peon | 13 | |
| Grunt | 9 | |
| Troll Witch Doctor | 5 | |
| Shaman | 6 | |
| Tauren | 3 | |
36 total
» upgrades
| Pillage | 1 | |
| Berserker Strength | 1 | |
| Melee Weapons | 3 | |
| Armor | 3 | |
| Shaman Training | 2 | |
| Witch Doctor Training | 2 | |
| Reinforced Defenses | 1 | |
| Spiked Barricades | 1 | |
| Pulverize | 1 | |
15 total
» buildings
| Orc Burrow | 11 | |
| Altar of Storms | 1 | |
| Barracks | 1 | |
| Voodoo Lounge | 1 | |
| Stronghold | 1 | |
| War Mill | 1 | |
| Fortress | 1 | |
| Spirit Lodge | 2 | |
| Tauren Totem | 2 | |
| Watch Tower | 3 | |
24 total
» build order
00:11 Orc Burrow
00:17 Altar of Storms
00:22 Barracks
01:17 Voodoo Lounge
02:22 Orc Burrow
02:36 Orc Burrow
04:38 Stronghold
05:19 War Mill
05:37 Orc Burrow
06:35 Orc Burrow
07:01 Fortress
07:08 Spirit Lodge
07:12 Spirit Lodge
10:06 Tauren Totem
10:10 Tauren Totem
13:23 Orc Burrow
13:29 Orc Burrow
20:05 Orc Burrow
20:13 Orc Burrow
27:07 Watch Tower
27:19 Watch Tower
27:28 Orc Burrow
27:35 Orc Burrow
27:40 Watch Tower
» items
| Healing Salve | 6 | |
| Potion of Healing | 4 | |
| Scroll of Speed | 2 | |
| Scroll of Town Portal | 2 | |
| Orb of Lightning | 1 | |
| Potion of Mana | 1 | |
| Lesser Clarity Potion | 1 | |
| Tiny Great Hall | 1 | |
18 total
Henrikius (
pink | 42 APM | 1155 actions | 27:29)
4 Death Knight
2 Death Coil
2 Unholy Aura
3 Lich
2 Frost Nova
1 Frost Armor
» actions
| Assign group hotkey | 21 | |
| Basic commands | 20 | |
| Build / train | 65 | |
| Enter build submenu | 30 | |
| Enter hero's abilities submenu | 7 | |
| Give item / drop item | 3 | |
| Remove unit from queue | 1 | |
| Right click | 443 | |
| Select / deselect | 234 | |
| Select group hotkey | 253 | |
| Use ability | 78 | |
1155 total
» units
| Acolyte | 14 | |
| Ghoul | 4 | |
| Crypt Fiend | 10 | |
| Frost Wyrm | 3 | |
| Obsidian Statue | 1 | |
32 total
» upgrades
| Creature Attack | 2 | |
| Web | 1 | |
| Burrow | 1 | |
| Creature Carapace | 2 | |
| Freezing Breath | 1 | |
7 total
» buildings
| Graveyard | 1 | |
| Crypt | 1 | |
| Altar of Darkness | 1 | |
| Ziggurat | 15 | |
| Tomb of Relics | 1 | |
| Nerubian Tower | 6 | |
| Spirit Tower | 5 | |
| Halls of the Dead | 1 | |
| Sacrificial Pit | 1 | |
| Black Citadel | 1 | |
| Slaughterhouse | 1 | |
| Boneyard | 3 | |
| Necropolis | 1 | |
38 total
» build order
00:08 Graveyard
00:12 Crypt
00:43 Altar of Darkness
01:05 Ziggurat
01:12 Tomb of Relics
02:04 Ziggurat
03:39 Nerubian Tower
04:09 Spirit Tower
05:36 Halls of the Dead
05:51 Ziggurat
07:18 Ziggurat
08:02 Sacrificial Pit
09:15 Black Citadel
10:55 Slaughterhouse
12:11 Boneyard
12:15 Boneyard
12:19 Boneyard
13:40 Necropolis
14:08 Ziggurat
15:40 Ziggurat
15:41 Ziggurat
15:43 Ziggurat
15:45 Ziggurat
15:49 Ziggurat
16:36 Spirit Tower
16:37 Spirit Tower
16:39 Nerubian Tower
16:41 Spirit Tower
20:05 Ziggurat
20:23 Ziggurat
20:46 Ziggurat
21:28 Spirit Tower
21:39 Ziggurat
21:41 Ziggurat
21:47 Nerubian Tower
21:47 Nerubian Tower
21:48 Nerubian Tower
» items
| Rod of Necromancy | 1 | |
| Boots of Speed | 1 | |
| Scroll of Town Portal | 1 | |
3 total
team 2 (loser)
December (
red | 79 APM | 3453 actions | 43:56)
9 Archmage
3 Summon Water Elemental
3 Brilliance Aura
2 Blizzard
1 Mass Teleport
» actions
| Assign group hotkey | 95 | |
| Basic commands | 236 | |
| Build / train | 188 | |
| ESC pressed | 2 | |
| Enter build submenu | 52 | |
| Enter hero's abilities submenu | 11 | |
| Give item / drop item | 4 | |
| Right click | 1450 | |
| Select / deselect | 359 | |
| Select group hotkey | 846 | |
| Use ability | 210 | |
3453 total
» units
| Peasant | 20 | |
| Footman | 9 | |
| Gryphon Rider | 9 | |
| Dragonhawk Rider | 2 | |
| Forest Troll Berserker | 1 | |
| Forest Troll Shadow Priest | 1 | |
| Mud Golem | 1 | |
| Ogre Mauler | 1 | |
44 total
» upgrades
| Masonry | 3 | |
| Swords | 3 | |
| Lumber Harvesting | 1 | |
| Armor | 3 | |
| Animal War Training | 1 | |
| Storm Hammers | 1 | |
| Cloud | 1 | |
13 total
» buildings
| Barracks | 1 | |
| Altar of Kings | 1 | |
| Farm | 11 | |
| Arcane Vault | 2 | |
| Lumber Mill | 1 | |
| Scout Tower | 27 | |
| Guard Tower | 60 | |
| Keep | 4 | |
| Blacksmith | 1 | |
| Castle | 4 | |
| Town Hall | 2 | |
| Gryphon Aviary | 4 | |
118 total
» build order
00:53 Barracks
00:56 Altar of Kings
00:58 Farm
01:08 Farm
01:20 Farm
02:03 Arcane Vault
02:21 Farm
03:20 Lumber Mill
03:45 Scout Tower
03:48 Scout Tower
04:23 Guard Tower
04:23 Guard Tower
05:47 Keep
05:47 Keep
06:18 Blacksmith
08:07 Castle
08:08 Castle
08:08 Castle
08:47 Scout Tower
08:47 Scout Tower
08:48 Scout Tower
08:49 Scout Tower
08:54 Town Hall
08:59 Scout Tower
09:00 Scout Tower
09:05 Scout Tower
09:06 Scout Tower
09:08 Scout Tower
09:17 Guard Tower
09:18 Guard Tower
09:23 Scout Tower
09:24 Scout Tower
09:26 Scout Tower
09:27 Guard Tower
09:27 Guard Tower
09:28 Guard Tower
09:29 Scout Tower
09:30 Scout Tower
09:32 Guard Tower
09:33 Guard Tower
09:33 Guard Tower
09:42 Guard Tower
09:43 Guard Tower
09:43 Guard Tower
11:02 Guard Tower
11:02 Guard Tower
11:04 Guard Tower
11:04 Guard Tower
11:04 Guard Tower
11:24 Guard Tower
11:24 Guard Tower
11:25 Guard Tower
11:25 Guard Tower
11:25 Guard Tower
11:25 Guard Tower
11:55 Guard Tower
11:55 Guard Tower
12:09 Scout Tower
12:14 Scout Tower
12:16 Scout Tower
12:20 Scout Tower
12:44 Guard Tower
12:45 Guard Tower
12:45 Guard Tower
12:46 Guard Tower
12:46 Guard Tower
12:46 Guard Tower
12:55 Scout Tower
12:59 Scout Tower
13:01 Scout Tower
13:17 Guard Tower
13:17 Guard Tower
13:24 Gryphon Aviary
13:39 Guard Tower
13:39 Guard Tower
13:39 Guard Tower
13:40 Guard Tower
13:43 Guard Tower
13:43 Guard Tower
13:44 Guard Tower
14:24 Gryphon Aviary
14:26 Gryphon Aviary
17:24 Farm
17:25 Farm
17:26 Farm
17:33 Scout Tower
17:33 Scout Tower
17:34 Scout Tower
17:35 Scout Tower
18:07 Guard Tower
18:07 Guard Tower
18:08 Guard Tower
18:09 Guard Tower
18:10 Guard Tower
18:32 Guard Tower
20:12 Arcane Vault
21:47 Farm
21:48 Farm
21:48 Farm
21:50 Gryphon Aviary
34:31 Town Hall
42:58 Farm
» items
| Staff of Teleportation | 1 | |
| Periapt of Vitality | 1 | |
| Scroll of Regeneration | 8 | |
| Mechanical Critter | 4 | |
| Tome of Retraining | 1 | |
| Potion of Invisibility | 2 | |
| Potion of Healing | 1 | |
| Scroll of Town Portal | 3 | |
| Scroll of Protection | 4 | |
| Scroll of Healing | 2 | |
| Staff of Sanctuary | 1 | |
28 total
soundtrack (
yellow | 36 APM | 1576 actions | 43:56)
6 Mountain King
3 Storm Bolt
2 Bash
1 Avatar
6 Paladin
2 Holy Light
1 Devotion Aura
3 Divine Shield
4 Dark Ranger
2 Black Arrow
2 Silence
» actions
| Build / train | 130 | |
| Enter build submenu | 42 | |
| Enter hero's abilities submenu | 16 | |
| Give item / drop item | 3 | |
| Remove unit from queue | 3 | |
| Right click | 662 | |
| Select / deselect | 590 | |
| Use ability | 130 | |
1576 total
» units
| Peasant | 8 | |
| Rifleman | 14 | |
| Forest Troll Shadow Priest | 1 | |
| Priest | 16 | |
| Mortar Team | 9 | |
| Knight | 7 | |
| Spell Breaker | 3 | |
| Siege Engine | 4 | |
62 total
» upgrades
| Gunpowder | 3 | |
| Armor | 3 | |
| Magic Sentry | 1 | |
| Long Rifles | 1 | |
| Priest Training | 2 | |
| Fragmentation Shards | 1 | |
| Flare | 1 | |
| Animal War Training | 1 | |
| Swords | 2 | |
| Plating | 2 | |
| Masonry | 2 | |
| Lumber Harvesting | 1 | |
| Barrage | 1 | |
21 total
» buildings
| Altar of Kings | 1 | |
| Farm | 16 | |
| Barracks | 2 | |
| Blacksmith | 1 | |
| Lumber Mill | 1 | |
| Scout Tower | 10 | |
| Keep | 1 | |
| Arcane Vault | 1 | |
| Guard Tower | 7 | |
| Arcane Tower | 1 | |
| Arcane Sanctum | 1 | |
| Castle | 1 | |
| Workshop | 4 | |
| Town Hall | 3 | |
50 total
» build order
01:16 Altar of Kings
01:27 Farm
01:29 Farm
01:32 Barracks
01:33 Blacksmith
01:35 Barracks
02:07 Farm
02:10 Lumber Mill
02:23 Scout Tower
02:45 Farm
03:12 Scout Tower
03:25 Farm
04:14 Keep
04:35 Farm
04:57 Arcane Vault
05:08 Guard Tower
05:11 Arcane Tower
06:12 Farm
06:55 Farm
07:16 Arcane Sanctum
09:17 Farm
09:54 Castle
10:48 Farm
12:05 Workshop
12:05 Workshop
13:47 Farm
14:23 Scout Tower
16:33 Town Hall
17:50 Farm
17:51 Guard Tower
17:52 Scout Tower
18:36 Scout Tower
18:38 Scout Tower
18:40 Guard Tower
18:42 Farm
18:42 Farm
19:24 Farm
19:25 Guard Tower
19:29 Farm
20:03 Scout Tower
20:05 Scout Tower
20:07 Guard Tower
20:09 Scout Tower
20:55 Scout Tower
20:56 Guard Tower
21:02 Guard Tower
28:26 Workshop
28:27 Workshop
28:35 Town Hall
30:38 Town Hall
» items
| Circlet of Nobility | 1 | |
| Scroll of Town Portal | 4 | |
| Scroll of Healing | 1 | |
| Scroll of Protection | 1 | |
| Potion of Lesser Invulnerability | 1 | |
8 total

»
FUXSUHDUXS (
purple | 5 APM | 205 actions | 43:57)
1 Archmage
1 Summon Water Elemental
» actions
| Basic commands | 1 | |
| Build / train | 18 | |
| Enter build submenu | 9 | |
| Enter hero's abilities submenu | 1 | |
| Right click | 91 | |
| Select / deselect | 72 | |
| Use ability | 13 | |
205 total
» units
» upgrades
» buildings
| Barracks | 1 | |
| Farm | 5 | |
| Altar of Kings | 1 | |
| Arcane Vault | 1 | |
| Lumber Mill | 1 | |
| Keep | 1 | |
10 total
» build order
00:24 Barracks
00:40 Farm
00:56 Altar of Kings
01:06 Farm
01:56 Farm
02:01 Farm
02:37 Arcane Vault
02:40 Farm
03:29 Lumber Mill
04:29 Keep
Saulgoodman (
teal | 59 APM | 965 actions | 16:27)
2 Archmage
1 Summon Water Elemental
1 Brilliance Aura
» actions
| Assign group hotkey | 24 | |
| Build / train | 50 | |
| ESC pressed | 3 | |
| Enter build submenu | 24 | |
| Enter hero's abilities submenu | 2 | |
| Right click | 313 | |
| Select / deselect | 324 | |
| Select group hotkey | 149 | |
| Use ability | 76 | |
965 total
» units
| Peasant | 12 | |
| Footman | 13 | |
| Knight | 2 | |
27 total
» upgrades
| Swords | 1 | |
| Plating | 1 | |
| Lumber Harvesting | 1 | |
3 total
» buildings
| Altar of Kings | 1 | |
| Farm | 10 | |
| Barracks | 1 | |
| Lumber Mill | 1 | |
| Scout Tower | 11 | |
| Guard Tower | 6 | |
| Arcane Vault | 1 | |
| Arcane Tower | 2 | |
| Blacksmith | 1 | |
| Keep | 1 | |
| Castle | 1 | |
36 total
» build order
00:12 Altar of Kings
00:27 Farm
00:58 Barracks
01:05 Lumber Mill
01:46 Farm
01:50 Scout Tower
02:13 Guard Tower
02:30 Farm
02:54 Arcane Vault
03:46 Farm
05:11 Scout Tower
05:30 Arcane Tower
05:36 Scout Tower
05:51 Arcane Tower
06:05 Scout Tower
06:29 Guard Tower
06:33 Farm
07:29 Blacksmith
07:53 Keep
07:57 Farm
10:16 Scout Tower
10:17 Scout Tower
10:18 Scout Tower
10:20 Scout Tower
10:51 Guard Tower
10:52 Guard Tower
10:57 Guard Tower
11:07 Castle
11:47 Guard Tower
12:22 Farm
12:23 Farm
12:26 Farm
12:27 Farm
14:05 Scout Tower
14:06 Scout Tower
14:07 Scout Tower
» items
| Scroll of Regeneration | 3 | |
| Scroll of Town Portal | 2 | |
| Potion of Healing | 1 | |
| Potion of Mana | 1 | |
7 total
Chat log
(00:12 / Allies) heywhitie11: rush map
(00:12 / All) December: MERRY CHRISTMAS HO HO HO IT'S DECEMBER
(00:27 / Allies) heywhitie11: bm harrass green?
(00:29 / Allies) Henrikius: 30 food rush?
(00:37 / All) WALKING-DEAD-GG: for christmas i want a ps4
(00:39 / Allies) 747576: no creep here
(00:40 / Allies) 747576: sorry
(00:57 / Allies) 747576: ps4 good
(01:04 / Allies) 747576: i have one
(01:05 / All) WALKING-DEAD-GG: i hate xbox one
(01:11 / All) WALKING-DEAD-GG: ps4 is #1
(01:22 / All) soundtrack: LAME
(01:31 / Allies) 747576: bloodborne is suck
(01:32 / All) December: I don't see much interesting on either yet
(01:54 / All) WALKING-DEAD-GG: i hate the dark souls bloodborne games; they arent well designed
(02:14 / All) December: they're putting in lots of effort to beat AI
(02:39 / All) WALKING-DEAD-GG: all monsters respawn when u die to a boss
(02:41 / Allies) Henrikius: so no rush?
(02:41 / All) WALKING-DEAD-GG: which is gay
(08:48 / Allies) Henrikius: hit?
(08:51 / Allies) 747576: y
(10:19 / Allies) WALKING-DEAD-GG: wood
(10:22 / Allies) WALKING-DEAD-GG: protect my expo
(10:49 / Allies) WALKING-DEAD-GG: come
(11:25 / Allies) WALKING-DEAD-GG: stay
(11:27 / Allies) WALKING-DEAD-GG: defend middle
(11:32 / Allies) WALKING-DEAD-GG: wood plz
(12:07 / Allies) WALKING-DEAD-GG: lets hit teal
(12:08 / Allies) WALKING-DEAD-GG: again
(12:23 / Allies) WALKING-DEAD-GG: b
(13:26 / Allies) WALKING-DEAD-GG: cc
(13:36 / Allies) WALKING-DEAD-GG: bm claws
(13:51 / Allies) WALKING-DEAD-GG: thx
(13:52 / Allies) WALKING-DEAD-GG: teal now
(13:53 / Allies) WALKING-DEAD-GG: hit
(16:16 / Allies) heywhitie11: take pot dk
(16:27 / Allies) Henrikius: ?
(16:27 / Allies) heywhitie11: cant get to you
(16:33 / Allies) heywhitie11: here
(17:15 / Allies) WALKING-DEAD-GG: get siege we have enogh aa
(18:55 / All) December: Fucking retarded yellow
(21:10 / Allies) WALKING-DEAD-GG: wood if u can green gonna go 100 food
(22:41 / Allies) Henrikius: THX
(22:54 / Allies) heywhitie11: we need aa
(22:55 / Allies) WALKING-DEAD-GG: dont blame me oj and green did nothing
(22:56 / Allies) heywhitie11: big time
(23:05 / Allies) 747576: im melee
(23:08 / Allies) heywhitie11: get some bats
(23:09 / Allies) Henrikius: well say bye to my base
(23:18 / Allies) heywhitie11: i have a tp
(23:22 / Allies) heywhitie11: build def
(23:31 / Allies) 747576: tp
(23:39 / Allies) heywhitie11: gogogog
(23:54 / Allies) heywhitie11: shit
(24:05 / Allies) heywhitie11: blue
(24:09 / Allies) heywhitie11: take the gryphs out
(24:22 / Allies) heywhitie11: stasis
(24:23 / Allies) heywhitie11: trap
(24:31 / Allies) Henrikius: WHY DID YOU COME
(24:35 / Allies) Henrikius: OMG
(24:44 / Allies) Henrikius: TAUREN VS GRYPHS NO
(24:52 / All) WALKING-DEAD-GG: lol
(25:24 / Allies) heywhitie11: thats it
(25:26 / Allies) heywhitie11: im massing bats
(25:47 / All) December: lol fucking 2v4
(26:00 / Allies) Henrikius: tp
(26:01 / Allies) Henrikius: wtf
(26:23 / Allies) Henrikius: blue are you hghi
(27:26 / All) Henrikius: :(
(27:54 / Allies) heywhitie11: 3 orc... no one bats with me
(28:01 / Allies) heywhitie11: we are all selfish
(28:02 / Allies) heywhitie11: fuck this
(28:52 / Allies) 747576: give me gold blue
(29:03 / Allies) heywhitie11: blue
(29:05 / Allies) heywhitie11: WOW
(29:07 / Allies) heywhitie11: gold us all
(29:18 / Allies) heywhitie11: give me like 3k
(29:51 / All) WALKING-DEAD-GG: bro trying to mess with me yellow
(29:53 / All) WALKING-DEAD-GG: foo
(30:29 / All) WALKING-DEAD-GG: im ruthless yellow
(30:31 / All) WALKING-DEAD-GG: billy the kid
(30:39 / All) WALKING-DEAD-GG: wyat earl
(30:48 / All) December: yellow has hardly said anything all game
(30:51 / All) December: even when I got pissed at him
(31:00 / All) FUXSUHDUXS: ya cock suker
(31:02 / All) WALKING-DEAD-GG: we have a history with purple
(31:04 / All) WALKING-DEAD-GG: before
(31:05 / All) WALKING-DEAD-GG: 100%
(31:18 / All) FUXSUHDUXS: fuku then
(31:28 / All) WALKING-DEAD-GG: shall we look into the archives
(31:50 / Allies) 747576: blue u suck
(31:57 / All) WALKING-DEAD-GG: im pro stfu
(31:58 / All) WALKING-DEAD-GG: green
(32:00 / All) WALKING-DEAD-GG: i got this
(32:04 / All) WALKING-DEAD-GG: purple is my bitch
(32:08 / Allies) 747576: u fuckin pro??
(32:10 / Allies) heywhitie11: dude
(32:12 / All) WALKING-DEAD-GG: ya
(32:15 / All) WALKING-DEAD-GG: im fukin pro
(32:17 / Allies) heywhitie11: can u give me some gold.. or what
(32:18 / All) FUXSUHDUXS: dont know ya nigger
(32:26 / All) WALKING-DEAD-GG: cuz we owned u so hard u whined
(32:28 / All) WALKING-DEAD-GG: yrs ago
(32:37 / All) December: Purple seems familiar
(32:37 / All) FUXSUHDUXS: lol years??
(32:43 / All) December: I can remember a little bitch as bad as him easily
(32:44 / All) WALKING-DEAD-GG: i dint stutter biatch
(32:48 / All) WALKING-DEAD-GG: let me get proof
(33:00 / All) FUXSUHDUXS: this account was made like a month ago
(33:06 / All) FUXSUHDUXS: stupid nigger
(33:12 / All) December: we recognise how much of a little pussy you are
(33:45 / Allies) heywhitie11: blue
(33:47 / Allies) heywhitie11: gold me
(33:59 / Allies) heywhitie11: ty
(34:14 / Allies) heywhitie11: i need like 8 times that man
(34:38 / Allies) 747576: show me play of pro blue
(34:40 / Allies) 747576: dont hide
(34:59 / All) December: start killing your team
(35:16 / All) WALKING-DEAD-GG: 04:53 / All) FUXSUHDUXS2: yellow remember when u swallowed it all then u said you loved me and i told u stfu im not your dad
(35:23 / All) WALKING-DEAD-GG: that was back in 2013
(35:26 / All) WALKING-DEAD-GG: 2012 i mean
(35:33 / All) WALKING-DEAD-GG: same acct same person pruple
(35:47 / All) FUXSUHDUXS: no my niggy not me
(35:48 / All) December: yeah that he "made a few months ago" lawl
(35:51 / All) December: he's a big bag of shit
(36:01 / All) FUXSUHDUXS: nope
(36:04 / All) December: kill your team's stuff, we standoff these retards
(36:16 / All) WALKING-DEAD-GG: yellow vs orange; best internet connection wins
(36:22 / All) December: eh
(36:25 / All) December: orange and purple lose
(36:36 / All) December: since he left
(36:46 / All) WALKING-DEAD-GG: green still here
(36:49 / All) WALKING-DEAD-GG: oj i mean
(36:54 / All) December: He sucks
(36:58 / All) December: I rather these two clowns get the loss
(37:03 / All) WALKING-DEAD-GG: k
(37:35 / All) WALKING-DEAD-GG: u guys must have pissed him off
(37:38 / All) WALKING-DEAD-GG: if he wants u to lose
(37:57 / All) December: Purple was a little bitch and yellow stole teal's leaver units when I wanted to hit pink's expo
(38:06 / All) December: didn't notice til the last second so I thought I wouldn't get it
(38:08 / All) soundtrack: Sorry about that
(38:09 / All) December: which I didn't until later
(38:16 / All) December: Aight
(38:21 / All) December: Yellow apologises
(38:24 / All) December: Let's do standoff
(38:37 / All) December: Yellow, purple, orange, you will all have equal chances at victory
(38:55 / All) WALKING-DEAD-GG: uh, so now a standoff?
(38:59 / All) December: yeah
(39:01 / All) WALKING-DEAD-GG: thought u said they should lose
(39:09 / All) December: I show mercy on yellow for his heartfelt apology
(39:15 / All) WALKING-DEAD-GG: i like oj tho
(39:18 / All) WALKING-DEAD-GG: he was cool
(39:23 / All) December: don't let him get that bm
(39:39 / Allies) heywhitie11: what the hell man
(39:44 / All) December: forgot he's leaver so you can cancel it
(40:04 / All) December: We are killing everything
(40:07 / All) December: including our own units
(40:13 / All) December: to give you all an equal chance of victory
(40:17 / All) December: The last to leave will leave victorious
(40:45 / All) December: Bad luck for yellow/purple
(40:52 / All) soundtrack: it happens
(40:56 / All) December: He left
(41:01 / All) December: so you two can't get a chance at the win, sadly
(41:15 / All) soundtrack: Its ok
(41:56 / All) December: Anything you have to say for yourself purple?
(42:28 / All) WALKING-DEAD-GG: fuxsuh is the same guy 100%
(43:07 / All) December: Purple
(43:10 / All) December: anything to say for yourself?
(43:16 / All) December: I carried your ass against my friend's team
(43:19 / All) December: and now you lose anyway
(43:31 / All) December: didn't even need you, you're just a little bitch
(43:41 / All) December: I'll give you a moment to speak up
(43:44 / All) December: 9
(43:46 / All) December: 8
(43:47 / All) December: 7
(43:48 / All) December: 6
(43:49 / All) December: 5
(43:51 / All) December: 4
(43:52 / All) December: 3
(43:53 / All) December: 2
(43:55 / All) December: 1